 Dungeon Crawl Stone Soup version 0.20.1-2-g1830e616b0 (webtiles) character file.

554 Alfie the Shooter (level 7, -5/52 HPs)
             Began as a Human Hunter on Feb 4, 2020.
             Slain by a hippogriff (7 damage)
             ... on level 4 of the Dungeon.
             The game lasted 00:12:20 (3013 turns).

Alfie the Shooter (Human Hunter)                    Turns: 3013, Time: 00:12:23

Health: -5/52      AC:  4    Str: 14    XL:     7   Next: 55%
Magic:  7/7        EV: 12    Int: 12    God:
Gold:   246        SH:  0    Dex: 13    Spells: 6/6 levels left

rFire    . . .     SeeInvis .   a - +1 shortbow
rCold    . . .     Gourm    .   (shield currently unavailable)
rNeg     . . .     Faith    .   c - +0 leather armour
rPois    .         Spirit   .   (no helmet)
rElec    .         Reflect  .   g - +0 cloak
rCorr    .         Harm     .   (no gloves)
MR       .....                  (no boots)
Stlth    +.........             (no amulet)
Regen    0.2/turn               (no ring)
MPRegen  0.1/turn               (no ring)

@: flying
A: no striking features
a: no special abilities


You were on level 4 of the Dungeon.
You were not hungry.

You visited 1 branch of the dungeon, and saw 4 of its levels.

You collected 246 gold pieces.

Inventory:

Hand Weapons
 a - a +1 shortbow (weapon)
 b - a +0 short sword
Missiles
 d - 45 arrows (quivered)
Armour
 c - a +0 leather armour (worn)
 g - a +0 cloak (worn)
Wands
 l - a wand of paralysis (14/24)
Scrolls
 i - 3 scrolls of identify
 j - 2 scrolls of immolation
 k - 2 scrolls of enchant armour {unknown}
 o - 3 scrolls of fear {unknown}
 t - a scroll of blinking
 u - a scroll of remove curse {unknown}
 v - a scroll of recharging {unknown}
Potions
 e - a potion of haste {unknown}
 m - a potion of flight
 n - 2 potions of berserk rage {unknown}
 p - a potion of might {unknown}
 q - a potion of resistance {unknown}
 r - 2 potions of lignification {unknown}
 s - a potion of magic {unknown}
Comestibles
 f - 2 bread rations
 h - 2 meat rations


   Skills:
 + Level 3.5 Fighting
 + Level 7.5 Bows
 + Level 1.8 Armour
 + Level 2.4 Dodging
 + Level 1.2 Stealth


You had 6 spell levels left.
You didn't know any spells.

Dungeon Overview and Level Annotations

Branches:
Dungeon (4/15)
 Temple: D:4-7

Altars:
Nemelex Xobeh


Message History

The hippogriff bites you! The hippogriff closely misses you.
The hippogriff misses you.
Firing (i - inventory):
d - 46 arrows (quivered)
Press: ? - help, Shift-Dir - straight line, f/p - hippogriff
Aim: a hippogriff (severely wounded)
You shoot an arrow. The arrow hits the hippogriff.
The hippogriff is almost dead.
The hippogriff bites you!
* * * LOW HITPOINT WARNING * * *
The hippogriff pecks you.
* * * LOW HITPOINT WARNING * * *
The hippogriff misses you.
It was a potion of flight.
You feel very buoyant.
You fly up into the air.
The hippogriff bites you but does no damage.
The hippogriff pecks you.
* * * LOW HITPOINT WARNING * * *
The hippogriff claws you!
You die...

(. (# .# <#
####(# #(...#
#########
#.####
#........ #H#
##.###### #@#
#.# #.# #.#
#.#########.#
#...........#
###########.#
###


You could see a hippogriff.

Vanquished Creatures
  A phantom (D:4)
  A bullfrog (D:3)
  A howler monkey (D:3)
  2 orc priests (D:3)
  2 worker ants
  An iguana (D:4)
  A gnoll (D:3)
  10 adders
  3 worms
  3 dart slugs
  4 leopard geckos
  15 orcs
  11 bats
  2 giant cockroaches (D:1)
  7 goblins
  12 hobgoblins
  3 jackals (D:3)
  2 quokkas
  5 frilled lizards
  9 kobolds
  7 rats
102 creatures vanquished.

Notes
Turn   | Place    | Note
-------+----------+-------------------------------------------
     0 | D:1      | Alfie the Human Hunter began the quest for the Orb.
     0 | D:1      | Reached XP level 1. HP: 16/16 MP: 1/1
    70 | D:1      | Reached XP level 2. HP: 21/22 MP: 2/2
   364 | D:1      | Reached XP level 3. HP: 27/27 MP: 3/3
   768 | D:2      | Reached skill level 5 in Bows
   835 | D:2      | Reached XP level 4. HP: 25/33 MP: 4/4
   863 | D:2      | Found a sparkling altar of Nemelex Xobeh.
  1387 | D:3      | Reached skill level 1 in Armour
  1387 | D:3      | Reached XP level 5. HP: 39/39 MP: 5/5
  1615 | D:3      | Reached skill level 6 in Bows
  1645 | D:3      | Reached XP level 6. HP: 44/46 MP: 6/6
  2095 | D:3      | Reached XP level 7. HP: 48/52 MP: 7/7
  2586 | D:4      | Reached skill level 7 in Bows
  2995 | D:4      | Noticed a hippogriff
  3013 | D:4      | HP: 2/52 [hippogriff (6)]
  3013 | D:4      | Slain by a hippogriff

Skill      XL: |  1  2  3  4  5  6  7 |
---------------+----------------------+-----
Bows           | 5 6 7 |  7.5
Armour         | 1 |  1.8
Fighting       | 3 |  3.5
Dodging        | |  2.4
Stealth        | |  1.2

Action                   |  1- 3 |  4- 6 |  7- 9 || total
-------------------------+-------+-------+-------++-------
 Fire: Shortbow          |    84 |   180 |    90 ||   354
  Use: Scroll            |     1 |     3 |       ||     4
       Potion            |       |     3 |     1 ||     4
  Eat: Bread ration      |       |     1 |       ||     1
       Royal jelly       |       |       |     1 ||     1
Armor: Leather armour    |     6 |    22 |     7 ||    35
Dodge: Dodged            |    22 |    84 |    25 ||   131
